 Dungeon Crawl Stone Soup version 0.21-a0-215-g0631661 (webtiles) character file.

70 Alarkh the Grave Robber (level 4, 30/30 HPs)
             Began as a Demonspawn Necromancer on Aug 22, 2017.
             Got out of the dungeon alive.
             The game lasted 00:02:11 (2499 turns).

Alarkh the Grave Robber (Demonspawn Necromancer)    Turns: 2499, Time: 00:02:11

Health: 30/30      AC:  2    Str:  8    XL:     4   Next: 3%
Magic:  17/17      EV: 12    Int: 17    God:
Gold:   92         SH:  0    Dex: 14    Spells: 2/9 levels left

rFire    + . .     SeeInvis .   i - +0 hand axe
rCold    . . .     Gourm    .   (no shield)
rNeg     . . .     Faith    .   a - +0 robe
rPois    .         Spirit   .   (no helmet)
rElec    .         Reflect  .   (no cloak)
rCorr    .         Harm     .   (no gloves)
MR       .....                  (no boots)
Stlth    +++.......             (no amulet)
HPRegen  0.10/turn              d - ring of stealth
MPRegen  0.15/turn              j - ring of magical power

@: no status effects
A: talons 1, demonic guardian 1, fire resistance 1
a: no special abilities


You escaped.
You were not hungry.

You visited 1 branch of the dungeon, and saw 2 of its levels.

You collected 92 gold pieces.

Inventory:

Hand Weapons
 i - a +0 hand axe (weapon)
Missiles
 h - 5 javelins (quivered)
Armour
 a - a +0 robe (worn)
Jewellery
 d - a ring of stealth (left hand)
 j - a ring of magical power (right hand)
Scrolls
 e - a scroll of identify
 g - a scroll of fog {unknown}
 k - a scroll of amnesia {unknown}
 l - a scroll of remove curse {unknown}
 r - a scroll of blinking {unknown}
Potions
 n - a potion of berserk rage
 o - a potion of might {unknown}
 q - a potion of resistance {unknown}
Books
 b - a book of Necromancy

   Spells                             Type                      Level
   a - Pain                           Necromancy                   1
   b - Animate Skeleton               Necromancy                   1
   c - Vampiric Draining              Necromancy                   3
   d - Regeneration                   Charms/Necromancy            3
   e - Animate Dead                   Necromancy                   4
   f - Control Undead                 Necromancy                   4
Comestibles
 c - 4 bread rations
 f - 2 royal jellies
 m - 3 fruits
 p - a meat ration


   Skills:
 - Level 1.7 Dodging
 - Level 1.7 Stealth
 + Level 3.0 Spellcasting
 + Level 5.4 Necromancy


You had 2 spell levels left.
You knew the following spells:

 Your Spells              Type           Power        Failure   Level  Hunger
a - Pain                  Necr           ###.         1%          1    None
c - Regeneration          Chrm/Necr      ##........   17%         3    ###....
e - Vampiric Draining     Necr           ###.......   5%          3    ###....


Dungeon Overview and Level Annotations

Branches:
Dungeon (2/15)

Altars:
Ru


Innate Abilities, Weirdness & Mutations

You have sharp toenails.
A weak demonic guardian rushes to your aid.
Your flesh is heat resistant. (rF+)


Message History

Aiming: Pain
Press: ? - help, Shift-Dir - straight line, f/p - hobgoblin
Aim: a hobgoblin (heavily wounded, chance to defeat MR: 91%)
The hobgoblin writhes in agony!
Casting: Pain
Confirm with . or Enter, or press ? or * to list all spells.
Aiming: Pain
Press: ? - help, Shift-Dir - straight line, f/p - hobgoblin
Aim: a hobgoblin (almost dead, chance to defeat MR: 91%)
The hobgoblin writhes in agony!
You kill the hobgoblin!
(D) Dungeon
Where to? (Enter - D:1 @ (x,y), ? - help)
There is an open door here.
Magic restored.
HP restored.
There is an open door here.
There is a staircase leading out of the dungeon here.
Are you sure you want to leave the Dungeon?
This will make you lose the game!
You have escaped!

###'###.........##
#.....#.#########
#.....#.#.......#
#.....#)#.#####.#
#.###.#.#.# #.#
#.#.#.#.#.# #.#
#.###.#.#.# #.#
#.....#.#######.#
#..@..#.........#
#.....###########
#######


There were no monsters in sight!

Vanquished Creatures
  3 adders (D:2)
  An ooze (D:1)
  2 dart slugs (D:1)
  A leopard gecko (D:1)
  2 bats
  2 goblins (D:1)
  7 hobgoblins
  4 jackals
  4 kobolds
  A ball python (D:2)
  5 frilled lizards
  2 rats (D:1)
34 creatures vanquished.

Notes
Turn   | Place    | Note
-------+----------+-------------------------------------------
     0 | D:1      | Alarkh the Demonspawn Necromancer began the quest for the Orb.
     0 | D:1      | Reached XP level 1. HP: 13/13 MP: 3/3
   609 | D:1      | Gained mutation: Your flesh is heat resistant. (rF+) [demonic ancestry]
   609 | D:1      | Reached XP level 2. HP: 16/19 MP: 0/5
   798 | D:1      | Found a sacrificial altar of Ru.
  1063 | D:1      | Reached skill level 5 in Necromancy
  1351 | D:1      | Gained mutation: You have sharp toenails. [demonic ancestry]
  1351 | D:1      | Reached XP level 3. HP: 17/24 MP: 0/6
  1754 | D:2      | Learned a level 3 spell: Vampiric Draining
  1758 | D:2      | Learned a level 3 spell: Regeneration
  2313 | D:2      | Gained mutation: A weak demonic guardian rushes to your aid. [demonic ancestry]
  2313 | D:2      | Reached XP level 4. HP: 28/30 MP: 8/8
  2499 | D:$      | Got out of the dungeon alive.

Vault maps used:
D:1:      nicolae_arrival_memento_mori, minmay_hexomino_r4
D:2:      nicolae_qazlal_general_emergency

Skill      XL: |  1  2  3 |
---------------+----------+-----
Necromancy     | 5 |  5.4
Spellcasting   | 3 |  3.0
Dodging        | |  1.7
Stealth        | |  1.7

Action                   |  1- 3 |  4- 6 || total
-------------------------+-------+-------++-------
Melee: Unarmed           |    10 |       ||    10
Throw: Javelin           |     6 |       ||     6
 Cast: Pain              |    69 |     4 ||    73
  Use: Scroll            |     1 |       ||     1
  Eat: Chunk             |     5 |       ||     5
Armor: Robe              |     4 |       ||     4
Dodge: Dodged            |    23 |       ||    23

Table legend:
 A = Spawn XP
 B = Non-spawn XP
 C = Spawn XP percentage of total XP
 D = Spawn monster count
 E = Non-spawn monster count
 F = Spawn count percentage of total count
 G = Total turns spent on level
                    A         B        C        D         E        F      G
               +---------+---------+-------+---------+---------+-------+---------
         Total |      25 |      75 |  25.0 |       5 |      29 |  14.7 |  2499
               +---------+---------+-------+---------+---------+-------+---------
           D:1 |      12 |      36 |  25.0 |       4 |      18 |  18.2 |  1796
           D:2 |      13 |      39 |  25.0 |       1 |      11 |   8.3 |   703
               +---------+---------+-------+---------+---------+-------+---------
